 Dungeon Crawl Stone Soup version 0.26-a0-651-gb41185065b (webtiles) character file.

Game seed: 8265143405327909641

8717 Flugslaktarn the Cleaver (level 11, -11/106 HPs)
             Began as a Deep Dwarf Fighter on Oct 8, 2020.
             Was a High Priest of Makhleb.
             Mangled by a freezing wraith (20 damage)
             ... on level 11 of the Dungeon.
             The game lasted 00:05:13 (6415 turns).

Flugslaktarn the Cleaver (Deep Dwarf Fighter)       Turns: 6415, Time: 00:05:14

Health: -11/106    AC: 17    Str: 17    XL:     11   Next: 13%
Magic:  2/2        EV:  6    Int: 10    God:    Makhleb [*****.]
Gold:   1455       SH: 10    Dex: 15    Spells: 10/10 levels left

rFire    . . .     SeeInvis .   m - +0 war axe
rCold    . . .     Faith    +   c - +0 kite shield
rNeg     . . .     Spirit   .   i - +0 plate armour
rPois    +         Reflect  .   g - +0 helmet
rElec    .         Harm     .   C - +0 cloak of Xeefuhiq {rPois MR+ Str-2} (curse)
rCorr    .         Rampage  .   (no gloves)
MR       ++...                  y - +0 pair of boots (curse)
Stlth    ..........             k - amulet of faith
HPRegen  0.00/turn              (no ring)
MPRegen  0.08/turn              (no ring)

@: non-regenerating, slowed, very slow
A: damage resistance, heal wounds, sense surroundings 2, no regeneration
a: Heal Wounds, Minor Destruction, Lesser Servant of Makhleb, Major Destruction,
Greater Servant of Makhleb, Renounce Religion


You were on level 11 of the Dungeon.
You worshipped Makhleb.
Makhleb was extremely pleased with you.
You visited 2 branches of the dungeon, and saw 12 of its levels.

You collected 1787 gold pieces.
You spent 332 gold pieces at shops.

Inventory:

Hand Weapons
 m - a +0 war axe (weapon)
   (You found it on level 8 of the Dungeon)
 s - a -2 broad axe
   (You found it on level 8 of the Dungeon)
Armour
 c - a +0 kite shield (worn)
 g - a +0 helmet (worn)
   (You found it on level 6 of the Dungeon)
 i - a +0 plate armour (worn)
   (You took it off an orc warrior on level 7 of the Dungeon)
 y - a cursed +0 pair of boots (worn)
   (You found it on level 10 of the Dungeon)
 C - the cursed +0 cloak of Xeefuhiq (worn) {rPois MR+ Str-2}
   (You found it on level 10 of the Dungeon)

   It affects your strength (-2).
   It protects you from poison.
   It affects your resistance to hostile enchantments.
   It has a curse placed upon it.
Jewellery
 b - an uncursed ring of flight {unknown}
   (You found it on level 11 of the Dungeon)
 k - an amulet of faith (around neck)
   (You found it on level 4 of the Dungeon)
Wands
 e - a wand of iceblast (1)
   (You found it on level 6 of the Dungeon)
Scrolls
 h - 2 scrolls of immolation
 l - a scroll of magic mapping
 r - 7 scrolls of identify
 t - 5 scrolls of teleportation
 u - a scroll of enchant weapon {unknown}
 v - a scroll of fog {unknown}
 x - 2 scrolls of remove curse
 z - a scroll of noise {unknown}
Potions
 a - a potion of invisibility {unknown}
 d - a potion of might
 f - 2 potions of cancellation
 j - a potion of mutation
 n - a potion of stabbing
 o - 2 potions of ambrosia
 p - a potion of brilliance
 q - 4 potions of curing
 w - 3 potions of heal wounds


   Skills:
 * Level 9.0 Fighting
 * Level 10.3 Axes
 + Level 7.8 Armour
 + Level 5.7 Dodging
 - Level 5.1 Shields
 + Level 7.7 Invocations
 + Level 4.4 Evocations


You had 10 spell levels left.
You didn't know any spells.
Your spell library was empty.

Dungeon Overview and Level Annotations

Branches:
Dungeon (11/15)            Temple (1/1) D:4            Lair (0/6) D:9
    Orc (0/2) D:11

Altars:
Ashenzari
Cheibriados
Dithmenos
Fedhas
Gozag
Hepliaklqana
Makhleb
Nemelex Xobeh
Okawaru
Qazlal
Sif Muna
Trog
Uskayaw
Vehumet
Wu Jian
Xom
The Shining One

Shops:
D:10 [   D:11 (

Annotations:
D:4 1 exclusion
D:7 3 runed translucent doors, PanSaczeczos's ghost, novice DrTm


Innate Abilities, Weirdness & Mutations

You are resistant to damage.
You can heal yourself by infusing magical energy.
You passively map the area around you.
You do not regenerate.


Message History

The freezing wraith hits you. The freezing wraith freezes you!!
* * * LOW HITPOINT WARNING * * *
You block the freezing wraith's attack.
The freezing wraith hits you but does no damage. x2
You are too injured to fight recklessly!
You closely miss the freezing wraith.
The freezing wraith is heavily damaged.
The freezing wraith hits you but does no damage. x2
You are too injured to fight recklessly!
You hit the freezing wraith but do no damage.
The freezing wraith is heavily damaged.
The freezing wraith hits you!
* * * LOW HITPOINT WARNING * * *
The freezing wraith freezes you!
* * * LOW HITPOINT WARNING * * *
The freezing wraith hits you but does no damage.
The freezing wraith hits you.
* * * LOW HITPOINT WARNING * * *
The freezing wraith freezes you!!
You die...

* * ,..... ##..#
,,, *#...###...#
* ,* # #......##
* ##.###......# *
#...#.......## ,,
,#..........#####
, ,, ,
*##..).....†)...#
* ** ,*,
#?##.......####.#
, #[#....@..##
#### *
#.##.#.W..# ..# ,
#. ####..## ###.#
* , . ..
##..###..# * .##
*##.....# * # .#
#?##....# . ** *
#.#.....# *## #
**, #W##.#..##
#.## * ,*#.
#'##..##...#


You could see a freezing wraith.

Vanquished Creatures
  2 two-headed ogres
  An ugly thing (D:11)
  A centaur zombie (D:10)
  An efreet (D:11)
  A troll (D:9)
  3 hippogriffs
  A vampire (D:11)
  2 wraiths (D:11)
  A wyvern (D:8)
  2 water moccasins
  2 ice beasts
  8 orc warriors
  A black bear (D:10)
  6 sky beasts
  2 necrophages (D:8)
  2 phantoms
  An ogre (D:9)
  3 centaurs
  3 big kobolds
  6 bullfrogs
  A wyvern zombie (D:11)
  A scorpion (D:9)
  13 wights
  4 electric eels (D:8)
  2 howler monkeys
  A bullfrog zombie (D:5)
  A quasit (D:9)
  2 centaur skeletons
  5 orc priests
  8 hounds
  2 jellies
  5 orc wizards
  A gnoll shaman (D:7)
  A bullfrog skeleton (D:5)
  2 iguanas
  5 worker ants
  2 killer bee zombies
  A hound skeleton (D:10)
  A hound zombie (D:5)
  3 worker ant zombies
  5 adders
  3 gnolls (D:4)
  A white imp (D:6)
  4 ufetubi
  An ooze (D:4)
  2 adder skeletons
  An adder zombie (D:10)
  A dart slug (D:4)
  3 leopard geckos
  52 orcs
  A ball python (D:4)
  3 giant cockroaches
  A hobgoblin (D:1)
  9 jackals
  16 kobolds
  2 quokkas
  A bat (D:2)
  A giant cockroach zombie (D:6)
  2 leopard gecko skeletons (D:6)
  A quokka skeleton (D:6)
  A rat (D:1)
221 creatures vanquished.

Vanquished Creatures (others)
  A worker ant zombie (D:11)
  A kobold (D:8)
  16 plants (D:8)
18 creatures vanquished.

Grand Total: 239 creatures vanquished

Notes
Turn   | Place    | Note
-------+----------+-------------------------------------------
     0 | D:1      | Flugslaktarn the Deep Dwarf Fighter began the quest for the
                  | Orb.
     0 | D:1      | Reached XP level 1. HP: 20/20 MP: 1/1
    84 | D:3      | Noticed a sky beast
    89 | D:3      | Reached XP level 2. HP: 14/27 MP: 2/2
   101 | D:2      | Killed a sky beast
   101 | D:2      | Reached skill level 3 in Axes
   101 | D:2      | Reached XP level 3. HP: 30/34 MP: 3/3
   101 | D:2      | Reached XP level 4. HP: 37/42 MP: 4/4
   165 | D:4      | Found a blossoming altar of Fedhas.
   206 | D:4      | Reached XP level 5. HP: 41/50 MP: 5/5
   259 | D:4      | Reached skill level 4 in Axes
   395 | D:4      | Found a staircase to the Ecumenical Temple.
   407 | Temple   | Entered the Ecumenical Temple
   491 | Temple   | Became a worshipper of Makhleb the Destroyer
   554 | D:4      | Reached XP level 6. HP: 32/57 MP: 6/6
   778 | D:4      | Found a burning altar of Makhleb.
   849 | D:5      | Entered Level 5 of the Dungeon
  1035 | D:5      | Reached skill level 1 in Invocations
  1762 | D:6      | Reached skill level 5 in Axes
  1762 | D:6      | Reached XP level 7. HP: 56/66 MP: 5/5
  1874 | D:6      | Identified a scroll of acquirement
  1874 | D:6      | Acquired 1147 gold pieces
  1884 | D:6      | Reached * piety under Makhleb
  1886 | D:6      | Reached skill level 5 in Fighting
  1896 | D:6      | Reached skill level 5 in Armour
  1981 | D:6      | Reached skill level 5 in Shields
  2033 | D:6      | Found a broken altar of Ashenzari.
  2273 | D:6      | Reached skill level 6 in Axes
  2273 | D:6      | Reached XP level 8. HP: 75/75 MP: 7/7
  2569 | D:7      | Found a runed translucent gate.
  2569 | D:7      | Found a runed translucent gate.
  2569 | D:7      | Found a runed translucent gate.
  2668 | D:7      | Found a bloodstained altar of Trog.
  2765 | D:7      | Found a hide-covered altar of Uskayaw.
  2774 | D:7      | Found a radiant altar of Vehumet.
  2840 | D:7      | Reached skill level 1 in Dodging
  2906 | D:7      | Reached ** piety under Makhleb
  3118 | D:7      | Noticed PanSaczeczos's ghost (novice DrTm)
  3302 | D:8      | Reached skill level 7 in Axes
  3437 | D:8      | Gained mutation: You passively map the area around you.
                  | [Deep Dwarf growth]
  3437 | D:8      | Reached XP level 9. HP: 85/85 MP: 7/7
  3472 | D:8      | Reached skill level 5 in Invocations
  3720 | D:8      | Found an opulent altar of Gozag.
  3746 | D:8      | Reached skill level 8 in Axes
  4070 | D:9      | Reached *** piety under Makhleb
  4072 | D:9      | Noticed a two-headed ogre
  4100 | D:9      | Killed a two-headed ogre
  4166 | D:9      | Reached XP level 10. HP: 70/96 MP: 8/8
  4189 | D:9      | Reached skill level 1 in Evocations
  4268 | D:9      | Noticed a lindwurm
  4272 | D:9      | Noticed a lindwurm
  4301 | D:9      | Reached skill level 9 in Axes
  4345 | D:10     | Entered Level 10 of the Dungeon
  4397 | D:10     | Found Uczakh's Antique Armour Boutique.
  4409 | D:10     | Bought a twisted helmet for 332 gold pieces
  4419 | D:10     | Identified the cursed -3 helmet of the Moon Troll {rElec}
                  | (You bought it in a shop on level 10 of the Dungeon)
  4535 | D:10     | Reached **** piety under Makhleb
  4624 | D:9      | Found a staircase to the Lair.
  4719 | D:9      | Found a glowing golden altar of the Shining One.
  4870 | D:9      | Noticed a lindwurm
  4871 | D:9      | Noticed a lindwurm
  5155 | D:10     | Reached skill level 5 in Dodging
  5189 | D:10     | Got a jewelled cloak
  5200 | D:10     | Identified the cursed +0 cloak of Xeefuhiq {rPois MR+
                  | Str-2} (You found it on level 10 of the Dungeon)
  5610 | D:11     | Found Jamuw's Weapon Shoppe.
  5623 | D:11     | Found a staircase to the Orcish Mines.
  5725 | D:11     | Reached ***** piety under Makhleb
  5792 | D:11     | Noticed a two-headed ogre
  5811 | D:11     | Killed a two-headed ogre
  5826 | D:11     | Reached skill level 10 in Axes
  6296 | D:11     | Noticed a cyan ugly thing
  6323 | D:11     | Reached XP level 11. HP: 87/104 MP: 3/3
  6352 | D:11     | Killed a cyan ugly thing
  6415 | D:11     | Mangled by a freezing wraith

Illustrated notes

Levels and vault maps discovered:
D:1:      saegor_arrival_simple_b, layout_loops_corners,
          chequers_serial_rivers_room_b
D:2:      layout_loops_ring, zin_treasury
D:3:      layout_loops_cross, kennysheep_ying_yang, old_standard_altar
D:4:      layout_cave_pools, overflow_temple_1_default,
          minmay_temple_entry_nine_rooms, gup_sewer_entry_bubbles,
          makhleb_heckhound_becter
D:5:      layout_basic
D:6:      layout_basic, nicolae_ashenzari_panopticon
D:7:      minmay_chambers_of_fours, layout_gridville,
          amethyst_overflow_temple_binary, gammafunk_ghost_icy, bloody_trog
D:8:      layout_loops_ring, serial_bayou, serial_bayou_pond_c,
          serial_bayou_pond_e, serial_bayou_pond_d, serial_bayou_crossing,
          serial_bayou_ford_a, grunt_gozag_breadcrumbs
D:9:      layout_rooms, nicolae_tso_carved_into_rock, kennysheep_mini_moat,
          dpeg_oklobed_lair, minmay_lindwurm_lava
D:10:     layout_roguey, serial_shops, shop
D:11:     layout_layer_cave, orc_david_3, minivault_25,
          minmay_fractal_squares_gapless_7
Temple:   nicolae_temple_hex_pool

Skill      XL: |  1  2  3  4  5  6  7  8  9 10 11 |
---------------+----------------------------------+-----
Fighting       | 3 4 5 6 7 8 9 |  9.0
Axes           | 3 4 5 6 7 8 10 | 10.3
Armour         | 4 5 6 7 |  7.8
Shields        | 4 5 |  5.1
Invocations    | 2 3 4 6 7 |  7.7
Dodging        | 2 4 5 |  5.7
Evocations     | 4 |  4.4

Action                   |  1- 3 |  4- 6 |  7- 9 | 10-12 || total
-------------------------+-------+-------+-------+-------++-------
Melee: War axe           |    19 |   155 |   330 |   403 ||   907
       Broad axe         |       |       |   102 |       ||   102
 Abil: Heal Wounds       |     1 |     5 |    14 |    18 ||    38
Evoke: Wand              |       |       |     2 |     3 ||     5
  Use: Scroll            |       |       |    17 |     1 ||    18
       Potion            |       |       |     2 |     2 ||     4
Armor: Scale mail        |    14 |    59 |    11 |       ||    84
       Chain mail        |       |       |    86 |       ||    86
       Plate armour      |       |       |   160 |   331 ||   491
Dodge: Dodged            |    13 |    51 |    77 |   106 ||   247
Block: Kite shield       |    10 |    88 |   217 |   259 ||   574

Table legend: (Time is in decaauts)
 A = Elapsed time spent in this place.
 B = Non-inter-level travel time spent in this place.
 C = Inter-level travel time spent in this place.
 D = Time resting spent in this place.
 E = Time spent auto-exploring this place.
 F = Levels seen in this place.
 G = Mean time per level.
                   A        B        C        D        E       F      G
               +--------+--------+--------+--------+--------+-----+--------+
         Total |   6687 |   6231 |    456 |      0 |   4231 |  12 |  557.2 |
       Dungeon |   6590 |   6154 |    436 |      0 |   4156 |  11 |  599.1 |
        Temple |     97 |     77 |     20 |      0 |     75 |   1 |   97.0 |
               +--------+--------+--------+--------+--------+-----+--------+

Top non-repeatable levels by time:
    D:10: 897 daAuts
     D:6: 893 daAuts
     D:8: 854 daAuts
    D:11: 852 daAuts
     D:5: 812 daAuts
     D:7: 805 daAuts
     D:9: 680 daAuts
     D:4: 631 daAuts
  Temple: 97 daAuts
     D:1: 70 daAuts
     D:3: 61 daAuts
     D:2: 29 daAuts
